 Dungeon Crawl Stone Soup version 0.19.0-11-g3fc08b3 (webtiles) character file.

67 Haldmier the Slasher (level 3, 0/24 HPs)
             Began as a High Elf Skald on Nov 9, 2016.
             Slain by Robin
             ... wielding a +1 mace of protection
              (5 damage)
             ... on level 2 of the Dungeon.
             The game lasted 00:04:59 (1332 turns).

Haldmier the Slasher (High Elf Skald)               Turns: 1332, Time: 00:05:00

Health: 0/24       AC:  6    Str: 12    XL:     3   Next: 98%
Magic:  7/7        EV:  9    Int: 15    God:
Gold:   68         SH:  0    Dex: 15    Spells: 1 memorised, 5 levels left

rFire  . . .     SeeInvis .     a - +0 falchion
rCold  . . .     Gourm    .     g - +0 scale mail (curse)
rNeg   . . .     Faith    .     (no shield)
rPois  .         Spirit   .     (no helmet)
rElec  .         Reflect  .     (no cloak)
rCorr  .         Harm     .     (no gloves)
MR     .....                    (no boots)
Stlth  ..........               (no amulet)
                                (no ring)
                                (no ring)

@: no status effects
A: no striking features
a: no special abilities


You were on level 2 of the Dungeon.
You were hungry.

You visited 1 branch of the dungeon, and saw 2 of its levels.

You collected 68 gold pieces.

Inventory:

Hand Weapons
 a - a +0 falchion (weapon)
Missiles
 h - 74 stones (quivered)
Armour
 b - a +0 leather armour
 g - a cursed +0 scale mail (worn)
Jewellery
 m - an uncursed ring of flight {unknown}
 n - a cursed ring of teleportation {unknown}
Scrolls
 e - a scroll of remove curse {unknown}
 f - 2 scrolls of enchant armour {unknown}
 j - 4 scrolls of teleportation {unknown}
 l - a scroll of identify {unknown}
Potions
 k - a potion of invisibility {unknown}
Books
 c - a book of Battle

   Spells                             Type                      Level
   a - Infusion                       Charms                       1
   b - Shroud of Golubria             Charms/Translocation         2
   c - Song of Slaying                Charms                       2
   d - Spectral Weapon                Hexes/Charms                 3
   e - Regeneration                   Charms/Necromancy            3
Comestibles
 d - a bread ration
 i - 7 chunks of flesh
 o - a slice of pizza


   Skills:
 - Level 2.0 Fighting
 + Level 5.2 Long Blades
 - Level 0.8 Armour
 - Level 1.1 Dodging
 - Level 2.4 Spellcasting
 - Level 3.6 Charms


You had 5 spell levels left.
You knew the following spells:

 Your Spells              Type           Power        Failure   Level  Hunger
a - Infusion              Chrm           ##..         28%         1    #......


Dungeon Overview and Level Annotations

Branches:
Dungeon (2/15)

Altars:

Annotations:
D:2 Robin


Message History

* * * LOW HITPOINT WARNING * * *
Robin throws the goblin at you!
Items here: ( )) †† a dagger; a hunting sling; 22 stones; a goblin corpse x2
You hit the goblin.
The goblin is moderately wounded.
The goblin closely misses you.
You riposte.
You miss the goblin.
The goblin is moderately wounded.
You barely miss the goblin.
The goblin is moderately wounded.
The goblin hits you but does no damage. Robin misses you.
You riposte.
You hit Robin but do no damage.
Robin is heavily wounded.
You closely miss the goblin.
The goblin is moderately wounded.
The goblin closely misses you.
You hit the goblin.
You kill the goblin!
Robin hits you with a mace of protection.
You die...

.### ...# #..# #..#########
#.....#....# #.......##.##
#.....# ...#
###########.....###...##
#......@grg...[.÷......#
###.########........####.#
##... ####........## ##..#
#####.g.........#
#####..####.g..g###.........
#......)...g#####
#...#..####
....#############........#
÷..................#.#....#
........#######.. . ...##..


You could see Robin, a quokka and a hobgoblin.

Vanquished Creatures
  An adder (D:2)
  A worm (D:2)
  A leopard gecko (D:1)
  2 giant cockroaches
  13 goblins
  4 hobgoblins (D:2)
  5 jackals
  8 kobolds
  3 bats
  4 frilled lizards
  6 rats
48 creatures vanquished.

Notes
Turn   | Place    | Note
-------+----------+-------------------------------------------
     0 | D:1      | Haldmier the High Elf Skald began the quest for the Orb.
     0 | D:1      | Reached XP level 1. HP: 14/14 MP: 4/4
   156 | D:1      | Reached skill level 3 in Long Blades
   168 | D:1      | Reached XP level 2. HP: 17/19 MP: 6/6
   649 | D:1      | Reached skill level 4 in Long Blades
   949 | D:2      | Reached XP level 3. HP: 24/24 MP: 7/7
  1252 | D:2      | Reached skill level 5 in Long Blades
  1275 | D:2      | Noticed Robin
  1332 | D:2      | Slain by Robin

Skill      XL: |  1  2  3 |
---------------+----------+-----
Long Blades    | 3 4 5 |  5.2
Fighting       | |  2.0
Armour         | |  0.8
Dodging        | |  1.1
Spellcasting   | |  2.4
Charms         | |  3.6

Action                   || total
-------------------------++-------
Melee: Falchion          ||   176
  Eat: Chunk             ||     1
Armor: Scale mail        ||    96
       Leather armour    ||     1
Dodge: Dodged            ||    99
       Rpst.: Falchion   ||    30
